 Dungeon Crawl Stone Soup version 0.21.1-1-g345015f (webtiles) character file.

47 letownia2 the Magician (level 3, -3/25 HPs)
             Began as a Merfolk Wizard on Mar 10, 2018.
             Slain by a bullfrog (8 damage)
             ... on level 3 of the Dungeon.
             The game lasted 00:04:54 (672 turns).

letownia2 the Magician (Merfolk Wizard)              Turns: 672, Time: 00:04:55

Health: -3/25      AC:  2    Str: 11    XL:     3   Next: 70%
Magic:  2/7        EV: 13    Int: 17    God:
Gold:   21         SH:  0    Dex: 12    Spells: 2/8 levels left

rFire    . . .     SeeInvis .   m - +2 dagger (venom)
rCold    . . .     Gourm    .   (no shield)
rNeg     . . .     Faith    .   a - +0 robe
rPois    .         Spirit   .   b - +0 hat
rElec    .         Reflect  .   (no cloak)
rCorr    .         Harm     .   (no gloves)
MR       .....                  (no boots)
Stlth    ++........             (no amulet)
HPRegen  0.08/turn              k - +3 ring of strength
MPRegen  0.10/turn              (no ring)

@: very slightly contaminated
A: change form in water, swift swim, stealthy swim
a: no special abilities


You were on level 3 of the Dungeon.
You were not hungry.

You visited 1 branch of the dungeon, and saw 4 of its levels.

You collected 21 gold pieces.

Inventory:

Hand Weapons
 f - a +0 short sword
 m - a +2 dagger of venom (weapon)
Armour
 a - a +0 robe (worn)
 b - a +0 hat (worn)
 g - a +0 scale mail of magic resistance
Jewellery
 k - a +3 ring of strength (left hand)
Scrolls
 h - 2 scrolls of identify
Potions
 e - a potion of curing
 i - a potion of heal wounds {unknown}
 l - 2 potions of might
Books
 c - a book of Minor Magic

   Spells                             Type                      Level
   a - Magic Dart                     Conjuration                  1
   b - Blink                          Translocation                2
   c - Call Imp                       Summoning                    2
   d - Slow                           Hexes                        2
   e - Conjure Flame                  Conjuration/Fire             3
   f - Mephitic Cloud                 Conjuration/Poison/Air       3
Comestibles
 d - 3 rations


   Skills:
 + Level 0.5 Fighting
 - Level 2.6 Dodging
 - Level 2.1 Stealth
 - Level 3.0 Spellcasting
 - Level 2.1 Conjurations
 + Level 2.0 Summonings
   Level 0.7 Translocations
 + Level 0.2 Air Magic
 + Level 0.3 Poison Magic


You had 2 spell levels left.
You knew the following spells:

 Your Spells              Type           Power        Failure   Level  Hunger
a - Magic Dart            Conj           #...         8%          1    None
b - Mephitic Cloud        Conj/Pois/Air  #.......     36%         3    ###....
i - Call Imp              Summ           #.......     12%         2    ##.....


Dungeon Overview and Level Annotations

Branches:
Dungeon (4/15)
 Temple: D:4-7

Altars:
Xom


Message History

The bullfrog is heavily wounded.
The bullfrog hits you but does no damage.
The bullfrog hits you!
* * * LOW HITPOINT WARNING * * *
Unknown command.
Throwing (i - inventory):
j - 2 throwing nets (quivered)
Press: ? - help, Shift-Dir - straight line, f - bullfrog
Aim: a bullfrog (severely wounded, poisoned)
You throw a throwing net.
The throwing net barely misses the bullfrog.
The bullfrog misses you.
Unknown command.
Unknown command.
Throwing (i - inventory):
j - a throwing net (quivered)
Press: ? - help, Shift-Dir - straight line, f/p - bullfrog
Aim: a bullfrog (severely wounded, poisoned)
You throw a throwing net. The throwing net misses the bullfrog.
The bullfrog hits you but does no damage.
The bullfrog hits you!
You die...

#.#####..#.##.....#
#.#####..#####...## #.##.....#
##.## #.##.###># #.#
#.##.###.# #.#
#........######'## #.#
###.........##...## #.#
#..######.#...F.## ###.####
#...# #....@...## ##.......
#....####.........####.....##.
#.......+.........'.........<.
#.....###.........####......#.
#.#.#.# #........## ##..#.#..
#.###.###.#.....## ##....#.
#.........##...## #......
#####.#######'## ###.### #.#
#รท# #.#


You could see a bullfrog.

Vanquished Creatures
  An adder (D:3)
  An ooze (D:3)
  An orc (D:3)
  3 goblins
  A hobgoblin (D:3)
  2 kobolds
  A quokka (D:3)
  2 bats
  A frilled lizard (D:3)
  5 rats
18 creatures vanquished.

Vanquished Creatures (collateral kills)
  Terence (D:3)
  A worm (D:3)
  A goblin (D:3)
3 creatures vanquished.

Vanquished Creatures (others)
  A plant (D:3)
1 creature vanquished.

Grand Total: 22 creatures vanquished

Notes
Turn   | Place    | Note
-------+----------+-------------------------------------------
     0 | D:1      | letownia2 the Merfolk Wizard began the quest for the Orb.
     0 | D:1      | Reached XP level 1. HP: 13/13 MP: 4/4
    34 | D:2      | Reached skill level 1 in Conjurations
   179 | D:3      | Reached XP level 2. HP: 17/19 MP: 4/6
   193 | D:3      | Learned a level 2 spell: Call Imp
   316 | D:3      | Noticed Terence
   389 | D:3      | Noticed a bullfrog
   404 | D:4      | Noticed an ice beast
   417 | D:4      | Noticed a scorpion
   420 | D:4      | Noticed a dream sheep
   420 | D:4      | Noticed a dream sheep
   420 | D:4      | Noticed a dream sheep
   420 | D:4      | Noticed a dream sheep
   420 | D:4      | Noticed a dream sheep
   420 | D:4      | Found a shimmering altar of Xom.
   424 | D:4      | Noticed a howler monkey
   456 | D:3      | Killed Terence
   456 | D:3      | Reached XP level 3. HP: 23/24 MP: 1/7
   562 | D:3      | Learned a level 3 spell: Mephitic Cloud
   672 | D:3      | Slain by a bullfrog

Skill      XL: |  1  2  3 |
---------------+----------+-----
Conjurations   | 1 2 |  2.1
Summonings     | 2 |  2.0
Fighting       | |  0.5
Dodging        | |  2.6
Stealth        | |  2.1
Spellcasting   | |  3.0
Translocations | |  0.7
Air Magic      | |  0.2
Poison Magic   | |  0.3

Action                   || total
-------------------------++-------
Melee: Short sword       ||    12
       Dagger            ||    12
Throw: Throwing net      ||     2
 Cast: Magic Dart        ||    34
       Call Imp          ||     6
       Mephitic Cloud    ||     1
  Use: Scroll            ||     3
       Potion            ||     1
 Stab: Sleeping          ||     1
Armor: Robe              ||     4
Dodge: Dodged            ||    18
